 Dungeon Crawl Stone Soup version 0.27.1-4-g1640c2035a (webtiles) character file.

Game seed: 15798065017761111349

50 demibob the Poker (level 3, -2/29 HPs)
             Began as a Demonspawn Chaos Knight on Nov 18, 2021.
             Was a Plaything of Xom.
             Slain by a gnoll (10 damage)
             ... on level 2 of the Dungeon.
             The game lasted 00:02:16 (1698 turns).

demibob the Poker (Demonspawn Chaos Knight)         Turns: 1698, Time: 00:02:18

Health: -2/29      AC:  5    Str: 12    XL:     3   Next: 55%
Magic:  3/3        EV: 11    Int: 13    God:    Xom [....*.]
Gold:   87         SH:  0    Dex: 15    Spells: 2/2 levels left

rFire    . . .     SeeInvis .   a - +0 spear (chaos)
rCold    . . .     Faith    .   (no shield)
rNeg     . . .     Spirit   .   b - +2 leather armour
rPois    .         Reflect  .   (no helmet)
rElec    .         Harm     .   (no cloak)
rCorr    .         Rampage  .   (no gloves)
Will     .....                  (no boots)
Stlth    ++........             (no amulet)
HPRegen  0.09/turn              (no ring)
MPRegen  0.08/turn              (no ring)

@: mighty
A: thin skeletal structure 1
a: Renounce Religion


You were on level 2 of the Dungeon.
You worshipped Xom.
You were a beloved toy of Xom.
You visited 1 branch of the dungeon, and saw 2 of its levels.

You collected 87 gold pieces.


Innate Abilities, Weirdness & Mutations

You have a somewhat thin skeletal structure. (Dex +2, Stealth+)


   Skills:
 - Level 3.0 Fighting
 + Level 4.2 Polearms
 - Level 1.7 Armour
 - Level 0.8 Dodging


You had 2 spell levels left.
You didn't know any spells.
Your spell library contained the following spells:

 Spells                   Type           Power      Damage    Failure   Level
 Magic Dart               Conj           0%         1d3       36%         1
 Searing Ray              Conj           0%         3d3       52%         2
 Fulminant Prism          Conj/Hex       0%         3d6       98%         4

Inventory:

Hand Weapons
 a - a +0 spear of chaos (weapon)
Armour
 b - a +2 leather armour (worn)

Dungeon Overview and Level Annotations

Branches:
Dungeon (2/15)

Altars:
Xom

#..........#.....†#
.. .
######...#.#......#
#.. ###....#######
.. ##......#### .
###........
##.####### #bb#
##.## ## #@g#
##..5g##
#..5ggb########
#.....g.g..gg..#
#.#...+....g###.g.
# #########....
#####


You could see 6 gnolls, a friendly quasit (summoned) and a friendly shadow imp
(summoned).


Message History

You reach to attack!
You closely miss the gnoll.
The gnoll hits you from afar with a +4 spear.
Reach: a) +0 spear (chaos)
Press: ? - help, Dir - move target, f/p - gnoll
Aim: a gnoll, wielding a +4 spear (about 32% to evade your +0 spear of chaos)
You reach to attack!
Your leather armour prevents you from hitting the gnoll.
The gnoll closely misses you.
Reach: a) +0 spear (chaos)
Press: ? - help, Dir - move target, f/p - gnoll
Aim: a gnoll, wielding a +4 spear (about 32% to evade your +0 spear of chaos)
You reach to attack!
You puncture the gnoll!
The gnoll is heavily wounded.
You puncture the gnoll!
The gnoll goes berserk!
The gnoll is severely wounded.
The gnoll misses you.
The gnoll hits you with a +1 halberd of protection!
Ouch! That really hurt!
* * * LOW HITPOINT WARNING * * *
A shower of butterflies erupts from you!
A gnoll opens the door.
The gnoll misses your butterfly.
You aren't carrying any scrolls.
Unknown command.
You closely miss the gnoll.
The gnoll is severely wounded.
Xom grants you some temporary aid. The gnoll barely misses you.
The gnoll hits you from afar with a +0 halberd!
You die...
Xom yawns loudly!

Skill      XL: |  1  2  3 |
---------------+----------+-----
Polearms       | 3 4 |  4.2
Fighting       | |  3.0
Armour         | |  1.7
Dodging        | |  0.8

Action                   || total
-------------------------++-------
Melee: Spear             ||    92
  Use: Scroll            ||     4
       Potion            ||     3
 Stab: Sleeping          ||     6
       Paralysed         ||     1
Armor: Leather armour    ||    17
Dodge: Dodged            ||    44

Levels and vault maps discovered:
D:1:      dpeg_arrival_three_smaller_balls, layout_loops_corners,
          chequers_ecumenical_altar_grove, amethyst_killhole,
          chequers_serial_rivers_micro_b, minmay_misc_feat_four_crosses,
          st_stairs_14
D:2:      layout_rooms, uniq_crazy_yiuf_cottage, uniq_jessica

Notes
Turn   | Place    | Note
-------+----------+-------------------------------------------
     0 | D:1      | demibob the Demonspawn Chaos Knight began the quest for the
                  | Orb.
     0 | D:1      | Reached XP level 1. HP: 18/18 MP: 1/1
    92 | D:1      | Reached skill level 3 in Polearms
   122 | D:1      | XOM: divination: detect creatures
   303 | D:1      | Gained mutation: You have a somewhat thin skeletal
                  | structure. (Dex +2, Stealth+) [demonic ancestry]
   303 | D:1      | Reached XP level 2. HP: 20/24 MP: 2/2
   673 | D:1      | Found a faded altar of an unknown god.
   723 | D:1      | XOM: divination: magic mapping
   742 | D:1      | XOM: silly message
   971 | D:1      | XOM: silly message
  1145 | D:1      | XOM: silly message
  1272 | D:2      | Reached XP level 3. HP: 28/29 MP: 3/3
  1283 | D:2      | XOM: silly message
  1322 | D:2      | XOM: silly message
  1328 | D:2      | Reached skill level 4 in Polearms
  1333 | D:2      | XOM: divination: magic mapping
  1378 | D:2      | XOM: god gift: 42 gold pieces
  1644 | D:2      | XOM: scenery: create altars
  1697 | D:2      | XOM: butterfly on damage
  1698 | D:2      | XOM: summons 2 friendly demons
  1698 | D:2      | Slain by a gnoll

Vanquished Creatures
  An adder (D:2)
  4 dart slugs
  3 bats
  2 endoplasms (D:2)
  A giant cockroach (D:2)
  2 goblins (D:1)
  A hobgoblin (D:1)
  3 jackals (D:2)
  3 kobolds
  A quokka (D:1)
  4 ball pythons
  6 rats
31 creatures vanquished.

Table legend: (Time is in decaauts)
 A = Elapsed time spent in this place.
 B = Non-inter-level travel time spent in this place.
 C = Inter-level travel time spent in this place.
 D = Time resting spent in this place.
 E = Time spent auto-exploring this place.
 F = Levels seen in this place.
 G = Mean time per level.
                   A        B        C        D        E       F      G
               +--------+--------+--------+--------+--------+-----+--------+
         Total |   1674 |   1649 |     25 |    371 |   1074 |   2 |  837.0 |
       Dungeon |   1674 |   1649 |     25 |    371 |   1074 |   2 |  837.0 |
               +--------+--------+--------+--------+--------+-----+--------+

Top non-repeatable levels by time:
     D:1: 1225 daAuts
     D:2: 449 daAuts

Table legend:
 A = Non-vault XP
 B = Vault XP
 C = Vault XP percentage of total XP
 D = Non-vault monster count
 E = Vault monster count
 F = Vault count percentage of total count
                 A         B        C        D         E       F
            +---------+---------+-------+---------+---------+-------
      Total |      70 |       2 |   2.8 |      30 |       1 |   3.2
            +---------+---------+-------+---------+---------+-------
        D:1 |      30 |       2 |   6.2 |      14 |       1 |   6.7
        D:2 |      40 |       0 |   0.0 |      16 |       0 |   0.0
            +---------+---------+-------+---------+---------+-------
